DBL
MILWAUKEE CREAMS @ CLEVELAND SPIDERS
05/02/1997
 
TOP OF THE 1ST
Milwaukee Creams batting - Pitching for Cleveland Spiders : LHP Juan Nieves
Pitching: LHP Juan Nieves
Batting: LHB Tom Goodwin 0-0: Bunted foul
0-1: Ball
1-1: Ball
2-1: Ball
3-1: Base on Balls
Batting: RHB Mark Loretta 0-0: Ball
1-0: Called Strike
1-1: Ball
2-1: Ball
3-1: Foul Ball, location: 2F
3-2: Base on Balls
Tom Goodwin to second
Batting: SHB Chipper Jones 0-0: Called Strike
Tom Goodwin steals 3rd base
Mark Loretta to second
0-1: Foul Ball, location: 2F
0-2: SINGLE (Groundball, 56D, EV 95.6 MPH)
Tom Goodwin scores
Mark Loretta to third
Batting: SHB Ken Caminiti 0-0: Ball
1-0: Ball
2-0: Ball
3-0: DOUBLE (Line Drive, 78D, EV 111.9 MPH)
Mark Loretta scores
Chipper Jones to third
Batting: LHB Carlos Delgado 0-0: Ball
1-0: Called Strike
1-1: Ball
2-1: Called Strike
2-2: Strikes out looking
Batting: SHB Jorge Posada 0-0: Called Strike
0-1: Foul Ball, location: 2F
0-2: Ball
1-2: Ball
Wild Pitch!
Chipper Jones scores
Ken Caminiti to third
2-2: SINGLE (Line Drive, 8LM, EV 101.9 MPH)
Ken Caminiti scores
Batting: SHB Gerald Young 0-0: Ground out 6-3 (Groundball, 6S, EV 68.8 MPH)
Jorge Posada to second
Batting: RHB Rey Sanchez 0-0: Called Strike
0-1: Fly out, F4 (Line Drive, 4, EV 70.0 MPH)
Top of the 1st over - 4 runs, 3 hits, 0 errors, 1 left on base; Milwaukee 4 - Cleveland 0
BOTTOM OF THE 1ST
Cleveland Spiders batting - Pitching for Milwaukee Creams : RHP Mark Portugal
Pitching: RHP Mark Portugal
Batting: LHB Darryl Strawberry 0-0: Called Strike
0-1: Ball
1-1: Ball
2-1: Ball
3-1: Foul Ball, location: 2F
3-2: Strikes out swinging
Batting: SHB Tomas Perez 0-0: Ball
1-0: Ball
2-0: Called Strike
2-1: Swinging Strike
2-2: Ball
3-2: Fly out, F5 (Popup, 5SF, EV 69.4 MPH)
Batting: RHB Kevin Mitchell 0-0: Fly out, F8 (Flyball, 8LS, EV 85.0 MPH)
Bottom of the 1st over - 0 runs, 0 hits, 0 errors, 0 left on base; Milwaukee 4 - Cleveland 0
TOP OF THE 2ND
Milwaukee Creams batting - Pitching for Cleveland Spiders : LHP Juan Nieves
Batting: RHB Ken R. Williams 0-0: Ground out 5-3 (Groundball, 5, EV 89.4 MPH)
Batting: LHB Tom Goodwin 0-0: Foul Ball, location: 2F
0-1: Called Strike
0-2: Ball
1-2: Foul Ball, location: 2F
1-2: Strikes out looking
Batting: RHB Mark Loretta 0-0: Fly out, F7 (Flyball, 78S, EV 82.5 MPH)
Top of the 2nd over - 0 runs, 0 hits, 0 errors, 0 left on base; Milwaukee 4 - Cleveland 0
BOTTOM OF THE 2ND
Cleveland Spiders batting - Pitching for Milwaukee Creams : RHP Mark Portugal
Batting: SHB Todd Hundley 0-0: Called Strike
0-1: Fly out, F8 (Flyball, 8RM, EV 93.1 MPH)
Batting: LHB Raul Ibanez 0-0: Ball
1-0: Ball
2-0: Ball
3-0: Base on Balls
Batting: SHB Howard Johnson 0-0: Foul Ball, location: 2F
0-1: Ball
1-1: Called Strike
1-2: Foul Ball, location: 2F
1-2: Strikes out swinging
Batting: RHB Bernard Gilkey 0-0: Called Strike
0-1: Fly out, F7 (Flyball, 7LD, EV 103.8 MPH)
Bottom of the 2nd over - 0 runs, 0 hits, 0 errors, 1 left on base; Milwaukee 4 - Cleveland 0
TOP OF THE 3RD
Milwaukee Creams batting - Pitching for Cleveland Spiders : LHP Juan Nieves
Batting: SHB Chipper Jones 0-0: Ball
1-0: Ball
2-0: Fly out, F8 (Flyball, 78D, EV 96.3 MPH)
Batting: SHB Ken Caminiti 0-0: Called Strike
0-1: Ball
1-1: Ball
2-1: Fly out, F9 (Line Drive, 9D, EV 95.6 MPH)
Batting: LHB Carlos Delgado 0-0: Ball
1-0: Swinging Strike
1-1: Swinging Strike
1-2: Foul Ball, location: 2F
1-2: Strikes out looking
Top of the 3rd over - 0 runs, 0 hits, 0 errors, 0 left on base; Milwaukee 4 - Cleveland 0
BOTTOM OF THE 3RD
Cleveland Spiders batting - Pitching for Milwaukee Creams : RHP Mark Portugal
Batting: RHB Marquis Grissom 0-0: Called Strike
0-1: Ball
1-1: SOLO HOME RUN (Line Drive, 7D, EV 105.6 MPH), Distance : 370 ft
Batting: RHB Billy Ripken 0-0: Ball
1-0: Foul Ball, location: 2F
1-1: Fly out, F7 (Line Drive, 7S, EV 96.9 MPH)
Batting: LHB Darryl Strawberry 0-0: Called Strike
0-1: Called Strike
0-2: Ball
1-2: Fly out, F7 (Flyball, 7D, EV 91.9 MPH)
Batting: SHB Tomas Perez 0-0: Fly out, F9 (Line Drive, 9, EV 88.8 MPH)
Bottom of the 3rd over - 1 run, 1 hit, 0 errors, 0 left on base; Milwaukee 4 - Cleveland 1
TOP OF THE 4TH
Milwaukee Creams batting - Pitching for Cleveland Spiders : LHP Juan Nieves
Batting: SHB Jorge Posada 0-0: Ball
1-0: Ball
2-0: Called Strike
2-1: Called Strike
2-2: Strikes out looking
Batting: SHB Gerald Young 0-0: Ball
1-0: Swinging Strike
1-1: Ball
2-1: Ball
3-1: Base on Balls
Batting: RHB Rey Sanchez 0-0: Ball
Gerald Young steals 2nd base
1-0: Foul Ball, location: 2F
1-1: Ball
2-1: Ground out 6-3 (Groundball, 6MD, EV 85.6 MPH)
Gerald Young to third
Batting: RHB Ken R. Williams 0-0: Ball
1-0: Ball
2-0: Ball
3-0: Base on Balls
Batting: LHB Tom Goodwin 0-0: Called Strike
0-1: Swinging Strike
0-2: Ball
1-2: Ground out 4-3 (Groundball, 4, EV 84.4 MPH)
Top of the 4th over - 0 runs, 0 hits, 0 errors, 2 left on base; Milwaukee 4 - Cleveland 1
BOTTOM OF THE 4TH
Cleveland Spiders batting - Pitching for Milwaukee Creams : RHP Mark Portugal
Batting: RHB Kevin Mitchell 0-0: Foul Ball, location: 2F
0-1: Swinging Strike
0-2: Ball
1-2: Foul Ball, location: 2F
1-2: Ball
2-2: Foul Ball, location: 2F
2-2: Foul Ball, location: 2F
2-2: Ball
3-2: Ground out 5-3 (Groundball, 5S, EV 86.3 MPH)
Batting: SHB Todd Hundley 0-0: Called Strike
0-1: Ball
1-1: Called Strike
1-2: SOLO HOME RUN (Flyball, 9LD, EV 104.4 MPH), Distance : 383 ft
Batting: LHB Raul Ibanez 0-0: Ball
1-0: Foul Ball, location: 2F
1-1: Ball
2-1: Ball
3-1: Base on Balls
Batting: SHB Howard Johnson 0-0: Ball
1-0: Called Strike
1-1: Swinging Strike
1-2: Strikes out swinging
Batting: RHB Bernard Gilkey 0-0: Foul Ball, location: 2F
0-1: Ground out 2-3 (Groundball, 13S, EV 73.8 MPH)
Bottom of the 4th over - 1 run, 1 hit, 0 errors, 1 left on base; Milwaukee 4 - Cleveland 2
TOP OF THE 5TH
Milwaukee Creams batting - Pitching for Cleveland Spiders : LHP Juan Nieves
Batting: RHB Mark Loretta 0-0: Called Strike
0-1: Foul Ball, location: 2F
0-2: Ball
1-2: Ground out U3 (Groundball, 3, EV 91.3 MPH)
Batting: SHB Chipper Jones 0-0: Foul Ball, location: 2F
0-1: Ball
1-1: Ball
2-1: Foul Ball, location: 2F
2-2: Strikes out looking
Batting: SHB Ken Caminiti 0-0: Ball
1-0: Foul Ball, location: 2F
1-1: Called Strike
1-2: Ball
2-2: Strikes out swinging
Top of the 5th over - 0 runs, 0 hits, 0 errors, 0 left on base; Milwaukee 4 - Cleveland 2
BOTTOM OF THE 5TH
Cleveland Spiders batting - Pitching for Milwaukee Creams : RHP Mark Portugal
Batting: RHB Marquis Grissom 0-0: Ball
1-0: Foul Ball, location: 2F
1-1: Bunt for hit to 23 - play at first, batter safe!
Batting: RHB Billy Ripken 0-0: Called Strike
Marquis Grissom steals 2nd base
0-1: Called Strike
0-2: Ball
1-2: SINGLE (Groundball, 34D, EV 105.0 MPH)
Marquis Grissom to third
Runner from 3rd tries for Home, throw by RF and OUT! 9-2
Billy Ripken to second
Batting: LHB Darryl Strawberry 0-0: Ball
1-0: Called Strike
1-1: Ball
2-1: Foul Ball, location: 2F
2-2: Foul Ball, location: 2F
2-2: Foul Ball, location: 2F
2-2: Ground out 6-3 (Groundball, 4M, EV 98.1 MPH)
Billy Ripken to third
Batting: SHB Tomas Perez 0-0: Called Strike
0-1: Swinging Strike
0-2: Ground out 5-3 (Groundball, 5S, EV 64.4 MPH)
Bottom of the 5th over - 0 runs, 2 hits, 0 errors, 1 left on base; Milwaukee 4 - Cleveland 2
TOP OF THE 6TH
Milwaukee Creams batting - Pitching for Cleveland Spiders : LHP Juan Nieves
Batting: LHB Carlos Delgado 0-0: Called Strike
0-1: Called Strike
0-2: Foul Ball, location: 2F
0-2: Strikes out swinging
Batting: SHB Jorge Posada 0-0: Ball
1-0: DOUBLE (Line Drive, 78D, EV 106.9 MPH)
Batting: SHB Gerald Young 0-0: Called Strike
0-1: Ball
1-1: Ball
2-1: Bunt - Flyout to 13! F1
Batting: RHB Rey Sanchez 0-0: Swinging Strike
0-1: Ball
1-1: Called Strike
1-2: Foul Ball, location: 2F
1-2: Ground out 4-3 (Groundball, 4M, EV 96.9 MPH)
Top of the 6th over - 0 runs, 1 hit, 0 errors, 1 left on base; Milwaukee 4 - Cleveland 2
BOTTOM OF THE 6TH
Cleveland Spiders batting - Pitching for Milwaukee Creams : RHP Mark Portugal
Batting: RHB Kevin Mitchell 0-0: Ground out U3 (Groundball, 3, EV 82.5 MPH)
Batting: SHB Todd Hundley 0-0: Ball
1-0: Called Strike
1-1: SINGLE (Groundball, 34D, EV 102.5 MPH)
Batting: LHB Raul Ibanez 0-0: Ball
1-0: Grounds into double play, 4-6-3 (Groundball, 4M, EV 90.6 MPH)
Bottom of the 6th over - 0 runs, 1 hit, 0 errors, 0 left on base; Milwaukee 4 - Cleveland 2
TOP OF THE 7TH
Milwaukee Creams batting - Pitching for Cleveland Spiders : LHP Juan Nieves
Batting: RHB Ken R. Williams 0-0: Ground out 5-3 (Groundball, 56, EV 110.0 MPH)
Batting: LHB Tom Goodwin 0-0: Swinging Strike
0-1: Ground out U3 (Groundball, 34, EV 100.6 MPH)
Batting: RHB Mark Loretta 0-0: Called Strike
0-1: Ball
1-1: Called Strike
1-2: Ball
2-2: Ball
3-2: Ground out U3 (Groundball, 3L, EV 106.3 MPH)
Top of the 7th over - 0 runs, 0 hits, 0 errors, 0 left on base; Milwaukee 4 - Cleveland 2
BOTTOM OF THE 7TH
Cleveland Spiders batting - Pitching for Milwaukee Creams : RHP Mark Portugal
Batting: SHB Howard Johnson 0-0: Ball
1-0: Foul Ball, location: 2F
1-1: Swinging Strike
1-2: Ball
2-2: Ball
3-2: Base on Balls
Pitching: RHP Steve Bedrosian
Batting: RHB Bernard Gilkey 0-0: Ball
1-0: Called Strike
1-1: Ball
2-1: Swinging Strike
2-2: Hit by Pitch
Howard Johnson to second
Batting: RHB Marquis Grissom 0-0: Ball
1-0: Bunted foul
1-1: Ball
2-1: Ball
3-1: Bunt missed!
3-2: Fielders Choice at 2nd, 6-4 (Groundball, 56, EV 83.1 MPH)
Howard Johnson to third
Batting: RHB Billy Ripken 0-0: Ball
1-0: Ball
2-0: Foul Ball, location: 2F
2-1: Foul Ball, location: 2F
2-2: SINGLE (Groundball, 3L, EV 98.1 MPH) (infield hit)
Howard Johnson scores
Marquis Grissom to second
Batting: LHB Darryl Strawberry 0-0: Swinging Strike
0-1: Called Strike
0-2: Ball
1-2: Strikes out looking
Batting: SHB Tomas Perez 0-0: Ball
1-0: Ball
2-0: Fly out, F6 (Line Drive, 6, EV 61.9 MPH)
Bottom of the 7th over - 1 run, 1 hit, 0 errors, 2 left on base; Milwaukee 4 - Cleveland 3
TOP OF THE 8TH
Milwaukee Creams batting - Pitching for Cleveland Spiders : LHP Juan Nieves
Batting: SHB Chipper Jones 0-0: SOLO HOME RUN (Flyball, 89XD, EV 103.1 MPH), Distance : 421 ft
Batting: SHB Ken Caminiti 0-0: Ball
1-0: Called Strike
1-1: Ball
2-1: Ball
3-1: Foul Ball, location: 2F
3-2: SOLO HOME RUN (Flyball, 78XD, EV 98.1 MPH), Distance : 404 ft
Batting: LHB Carlos Delgado 0-0: Called Strike
0-1: Ball
1-1: Ball
2-1: Ball
3-1: Fly out, F7 (Flyball, 7, EV 96.9 MPH)
Batting: SHB Jorge Posada 0-0: Ball
1-0: Ball
2-0: Ball
3-0: Foul Ball, location: 2F
3-1: Base on Balls
Pitching: LHP Carlos Perez
Batting: SHB Gerald Young 0-0: Ball
1-0: Ball
2-0: Fly out, F8 (Flyball, 89M, EV 85.0 MPH)
Batting: RHB Rey Sanchez 0-0: Called Strike
0-1: Ball
1-1: Ball
2-1: Foul Ball, location: 2F
2-2: Strikes out swinging
Top of the 8th over - 2 runs, 2 hits, 0 errors, 1 left on base; Milwaukee 6 - Cleveland 3
BOTTOM OF THE 8TH
Cleveland Spiders batting - Pitching for Milwaukee Creams : RHP Steve Bedrosian
Batting: RHB Kevin Mitchell 0-0: Foul Ball, location: 2F
0-1: Called Strike
0-2: Fly out, F8 (Flyball, 8LD, EV 99.4 MPH)
Batting: SHB Todd Hundley 0-0: Ball
1-0: Ball
2-0: Foul Ball, location: 2F
2-1: Swinging Strike
2-2: Foul Ball, location: 2F
2-2: SOLO HOME RUN (Line Drive, 9D, EV 104.4 MPH), Distance : 362 ft
Pitching: LHP Rob Murphy
Batting: LHB Raul Ibanez 0-0: Swinging Strike
0-1: Swinging Strike
0-2: Foul Ball, location: 2F
0-2: Ball
1-2: Ball
2-2: Strikes out swinging
Batting: SHB Howard Johnson 0-0: Ball
1-0: Ball
2-0: Ball
3-0: Called Strike
3-1: Foul Ball, location: 2F
3-2: Strikes out swinging
Bottom of the 8th over - 1 run, 1 hit, 0 errors, 0 left on base; Milwaukee 6 - Cleveland 4
TOP OF THE 9TH
Milwaukee Creams batting - Pitching for Cleveland Spiders : LHP Carlos Perez
Batting: RHB Ken R. Williams 0-0: Called Strike
0-1: Ball
1-1: Ball
2-1: Fly out, F8 (Line Drive, 8RD, EV 91.3 MPH)
Batting: LHB Tom Goodwin 0-0: Ball
1-0: Ball
2-0: Called Strike
2-1: SINGLE (Line Drive, 8RS, EV 106.3 MPH)
Batting: RHB Mark Loretta 0-0: Called Strike
0-1: Ball
1-1: Called Strike
1-2: SINGLE (Groundball, 6MD, EV 103.8 MPH)
Tom Goodwin to second
Tom Goodwin to third
Batting: SHB Chipper Jones 0-0: Ball
1-0: Fly out, F7 (Line Drive, 7, EV 95.6 MPH)
Runner from 3rd tags up, SCORES, no throw by LF
Batting: SHB Ken Caminiti 0-0: Ball
1-0: Ball
2-0: Fly out, F8 (Flyball, 8RM, EV 78.1 MPH)
Top of the 9th over - 1 run, 2 hits, 0 errors, 1 left on base; Milwaukee 7 - Cleveland 4
BOTTOM OF THE 9TH
Cleveland Spiders batting - Pitching for Milwaukee Creams : LHP Rob Murphy
Batting: RHB Bernard Gilkey 0-0: Ball
1-0: Called Strike
1-1: Ball
2-1: Ball
3-1: Foul Ball, location: 2F
3-2: Foul Ball, location: 2F
3-2: Foul Ball, location: 2F
3-2: Base on Balls
Pitching: RHP Billy Taylor
Batting: RHB Marquis Grissom 0-0: Called Strike
0-1: Called Strike
0-2: Strikes out looking
Batting: RHB Billy Ripken 0-0: Called Strike
0-1: Ball
1-1: Ball
2-1: Swinging Strike
2-2: Foul Ball, location: 2F
2-2: Foul Ball, location: 2F
2-2: Ball
3-2: DOUBLE (Line Drive, 7LS, EV 98.1 MPH)
Bernard Gilkey to third
Batting: LHB Darryl Strawberry 0-0: Swinging Strike
0-1: Foul Ball, location: 2F
0-2: Ball
1-2: Ground out 5-3 (Groundball, 56, EV 106.3 MPH)
Bernard Gilkey scores
Batting: SHB Tomas Perez 0-0: Ball
1-0: Swinging Strike
1-1: Foul Ball, location: 2F
1-2: Ball
2-2: Ground out 4-3 (Groundball, 4, EV 101.3 MPH)
Bottom of the 9th over - 1 run, 1 hit, 0 errors, 1 left on base; Milwaukee 7 - Cleveland 5
Wednesday, February 4th, 2026 - OOTP Baseball 20.8 Build 74